 Dungeon Crawl Stone Soup version 0.20.1-1-g8b1a95d (webtiles) character file.

4213 manon the Cleaver (level 10, -4/63 HPs)
             Began as a Gargoyle Chaos Knight on Sept 10, 2017.
             Slain by a brown ugly thing (5 damage)
             ... on level 8 of the Dungeon.
             The game lasted 00:40:48 (5614 turns).

manon the Cleaver (Gargoyle Chaos Knight)           Turns: 5614, Time: 00:40:50

Health: -4/63      AC: 18    Str: 17    XL:     10   Next: 29%
Magic:  10/10      EV: 16    Int: 14    God:    Xom [....*.]
Gold:   255        SH:  0    Dex: 17    Spells: 9/9 levels left

rFire    . . .     SeeInvis .   a - +0 hand axe (chaos)
rCold    . . .     Gourm    .   (no shield)
rNeg     + . .     Faith    .   k - +0 scale mail
rPois    ∞         Spirit   .   (no helmet)
rElec    +         Reflect  .   H - +1 cloak
rCorr    +         Harm     .   y - +0 pair of gloves
MR       .....                  z - +1 pair of boots
Stlth    +.........             (no amulet)
Regen    0.2/turn               t - +1 ring of evasion
MPRegen  0.2/turn               e - ring of resist corrosion

@: agile
A: agile 1, blurry vision 1, deformed body, mutation resistance 1, negative
energy resistance 1, sense surroundings 1, electricity resistance, unbreathing,
petrification resistance, rot immunity, AC +7
a: Renounce Religion


You were on level 8 of the Dungeon.
You worshipped Xom.
You were a beloved toy of Xom.
You were not hungry.

You visited 1 branch of the dungeon, and saw 8 of its levels.

You collected 255 gold pieces.

Inventory:

Hand Weapons
 a - a +0 hand axe of chaos (weapon)
 G - a +3 short sword of chaos
 Q - a +0 scythe
Missiles
 j - 12 poisoned needles
 m - 2 needles of sleeping
 o - 46 stones (quivered)
 r - 98 arrows
 s - 33 bolts
 E - 13 tomahawks
Armour
 b - a +2 leather armour
 h - a +0 chain mail
 k - a +0 scale mail (worn)
 y - a +0 pair of gloves (worn)
 z - a +1 pair of boots (worn)
 A - a +0 plate armour
 D - the scarf of the Several Beggars {rC+ MP-9 Dex+6}
   (Xom gifted it to you on level 5 of the Dungeon)

   It affects your dexterity (+6).
   It protects you from cold.
   It affects your magic capacity (-9).
 H - a +1 cloak (worn)
Magical Staves
 p - an uncursed staff of death
Jewellery
 e - a ring of resist corrosion (right hand)
 t - a +1 ring of evasion (left hand)
 v - an uncursed ring of flight
Wands
 I - a wand of polymorph (0/24)
 M - a wand of polymorph (0/24)
Scrolls
 f - a scroll of identify
 l - 3 scrolls of remove curse
 q - a scroll of teleportation
 w - a scroll of amnesia {unknown}
 x - a scroll of recharging {unknown}
 C - a scroll of random uselessness {unknown}
 F - a scroll of acquirement {unknown}
 K - 2 scrolls of enchant weapon {unknown}
 P - a scroll of immolation {unknown}
Potions
 g - 2 potions of brilliance
 i - a potion of resistance
 B - a potion of invisibility {unknown}
 J - a potion of cancellation {unknown}
 N - a potion of agility
 O - 2 potions of flight {unknown}
Comestibles
 c - 9 bread rations
 d - 8 meat rations
 n - 7 royal jellies
 u - 8 fruits
 L - 3 mutagenic chunks of flesh


   Skills:
 + Level 7.6 Fighting
 + Level 12.2 Axes
 * Level 8.4 Armour
 - Level 0.7 Dodging


You had 9 spell levels left.
You didn't know any spells.

Dungeon Overview and Level Annotations

Branches:
Dungeon (8/15)             Temple (0/1) D:7
   Lair: D:8-11

Altars:
Okawaru
Xom
Zin

Shops:
D:5 [


Innate Abilities, Weirdness & Mutations

You are resistant to torment.
Your stone body is resilient. (AC +7)
You are immune to poison.
You resist negative energy. (rN+)
You are resistant to electric shocks. (rElec)
You can survive without breathing.
You are immune to petrification.
You are immune to rotting.
You are agile. (Dex +2)
Scrolls take you a little longer to read.
Armour fits poorly on your strangely shaped body.
You are somewhat resistant to further mutation.
You passively map a small area around you.


Message History

The brown ugly thing trunk-slaps you but does no damage.
You hit the brown ugly thing.
You feel better.
The brown ugly thing briefly looks nauseous.
The brown ugly thing is severely wounded.
The brown ugly thing trunk-slaps you.
You are splashed with acid!
The acid burns!
You resist.
You hit the brown ugly thing but do no damage.
The brown ugly thing is severely wounded.
The brown ugly thing trunk-slaps you!
* * * LOW HITPOINT WARNING * * *
You are splashed with acid!
The acid burns!
You resist.
* * * LOW HITPOINT WARNING * * *
You feel agile all of a sudden. The brown ugly thing trunk-slaps you.
* * * LOW HITPOINT WARNING * * *
You are splashed with acid!
The acid burns!
You resist.
* * * LOW HITPOINT WARNING * * *
The brown ugly thing trunk-slaps you.
You die...
Xom snickers!

........#,, .......<###
, , * *,
...h.))...!.... , ,
,##....)...####. *, ,**
........hr..,
........oow..* ,
#..######{#### , * #.#
#u# , , !. #@## , , , #
#..# ** ,* .# .. * ##.#
...#.# * #..# #.#
*,...., , #...##.###
**..# * #......# ###.##
##......###### #..... *
*
...............###.....
####......####.........


You could see a brown ugly thing, a worm, a hound, 2 orcs and a quokka.

Vanquished Creatures
  A yak (D:7)
  A wyvern (D:7)
  2 hogs (D:7)
  A human (D:7)
  Duvessa (D:6)
  2 ice beasts
  A necrophage (D:5)
  2 phantoms
  5 ogres
  2 sky beasts (D:7)
  3 centaurs
  A bullfrog (D:7)
  A bullfrog (shapeshifter) (D:3)
  Dowan (D:6)
  2 scorpions
  3 crimson imps
  A jelly (D:6)
  3 orc priests
  An iron imp (D:5)
  Jessica (D:2)
  An iguana (D:7)
  7 orc wizards
  8 worker ants
  2 hound skeletons (D:7)
  A worker ant zombie (D:5)
  3 gnolls (D:3)
  3 adders
  A howler monkey skeleton (D:7)
  An adder skeleton (D:4)
  An adder zombie (D:6)
  3 worms
  4 dart slugs
  22 orcs
  4 giant cockroaches
  9 goblins
  7 hobgoblins
  8 jackals
  3 quokkas
  A ball python (D:3)
  5 bats
  8 frilled lizards
  6 kobolds
  2 leopard gecko skeletons
  11 rats
156 creatures vanquished.

Vanquished Creatures (collateral kills)
  A two-headed ogre (D:7)
  The ghost of Schiappus the Chopper, an amateur DrBe of Trog (D:4)
  An orc warrior (D:7)
  A crimson imp (D:7)
  An adder (D:3)
  2 orcs (D:7)
7 creatures vanquished.

Vanquished Creatures (others)
  A hog (D:7)
  A centaur (D:5)
  A hobgoblin (D:2)
3 creatures vanquished.

Grand Total: 166 creatures vanquished

Notes
Turn   | Place    | Note
-------+----------+-------------------------------------------
     0 | D:1      | manon the Gargoyle Chaos Knight began the quest for the Orb.
     0 | D:1      | Reached XP level 1. HP: 14/14 MP: 1/1
    19 | D:1      | XOM: harmless Air miscast
   381 | D:1      | Reached XP level 2. HP: 16/19 MP: 2/2
   430 | D:1      | Reached skill level 3 in Axes
   860 | D:1      | XOM: silly message
   935 | D:2      | XOM: mild Air miscast
  1038 | D:2      | XOM: potion effect (invisibility)
  1075 | D:2      | Reached XP level 3. HP: 23/24 MP: 3/3
  1101 | D:2      | Noticed Jessica
  1105 | D:2      | Killed Jessica
  1227 | D:2      | Reached XP level 4. HP: 25/29 MP: 4/4
  1250 | D:2      | XOM: silly message
  1520 | D:3      | Noticed Sigmund
  1535 | D:3      | Noticed Sigmund
  1536 | D:3      | XOM: potion effect (haste)
  1538 | D:3      | Killed Sigmund the bullfrog
  1538 | D:3      | Reached XP level 5. HP: 21/34 MP: 5/5
  1547 | D:3      | XOM: cast spell 'Summon Butterflies'
  1553 | D:3      | XOM: cast spell 'Summon Ice Beast'
  1581 | D:3      | XOM: harmless Summ miscast
  1670 | D:3      | XOM: potion effect (heal wounds)
  1702 | D:3      | XOM: harmless Tmut miscast
  1714 | D:3      | Reached skill level 4 in Axes
  1720 | D:3      | XOM: harmless Tloc miscast
  1861 | D:3      | XOM: potion effect (experience)
  1861 | D:3      | Reached skill level 11 in Axes
  1861 | D:3      | Reached XP level 6. HP: 39/39 MP: 6/6
  1946 | D:3      | XOM: torment (31/39 hp)
  2122 | D:4      | XOM: noise
  2128 | D:4      | XOM: harmless Erth miscast
  2135 | D:4      | Reached XP level 7. HP: 44/44 MP: 7/7
  2173 | D:4      | Noticed Schiappus's ghost (amateur DrBe)
  2179 | D:4      | XOM: summons 2 hostile demons
  2180 | D:4      | Noticed a rust devil
  2186 | D:4      | XOM: harmless Erth miscast
  2193 | D:4      | XOM: swap monsters
  2215 | D:4      | XOM: god gift: 13 stones
  2453 | D:4      | XOM: noise
  2489 | D:4      | XOM: noise
  2550 | D:4      | XOM: cast spell 'Call Canine Familiar'
  2553 | D:4      | XOM: scenery: 3 doors close
  2563 | D:4      | Reached skill level 5 in Fighting
  2570 | D:4      | Killed Schiappus's ghost
  2647 | D:5      | Entered Level 5 of the Dungeon
  2798 | D:5      | Reached XP level 8. HP: 45/50 MP: 8/8
  2860 | D:5      | Reached skill level 5 in Armour
  2911 | D:5      | XOM: polymorph crimson imp -> iron imp
  2937 | D:5      | Found Jobrilakh's Armour Emporium.
  3039 | D:5      | XOM: god gift: scorched scarf {god gift}
  3040 | D:5      | Got a scorched scarf {god gift}
  3046 | D:5      | Identified the scarf of the Several Beggars {rC+ MP-9 Dex+6} (Xom gifted it to you on level 5 of the Dungeon)
  3137 | D:6      | Found a glowing silver altar of Zin.
  3144 | D:6      | Noticed an angel
  3178 | D:6      | Noticed Duvessa
  3187 | D:6      | Noticed Dowan
  3189 | D:6      | XOM: god gift: 39 gold pieces
  3192 | D:6      | XOM: harmless Fire miscast
  3201 | D:6      | XOM: chaos upgrade
  3204 | D:6      | Killed Duvessa
  3206 | D:6      | XOM: blink monster(s)
  3212 | D:6      | XOM: blink monster(s)
  3216 | D:6      | Killed Dowan
  3361 | D:6      | Reached XP level 9. HP: 35/56 MP: 0/9
  3428 | D:5      | XOM: medium Pois miscast
  3481 | D:5      | XOM: harmless Ice miscast
  3682 | D:6      | Found a shimmering altar of Xom.
  3789 | D:6      | XOM: mild Pois miscast
  3989 | D:7      | Noticed a two-headed ogre
  4253 | D:7      | Killed a two-headed ogre
  4253 | D:7      | Reached skill level 12 in Axes
  4532 | D:7      | Found a staircase to the Ecumenical Temple.
  4548 | D:7      | XOM: scenery: 2 doors open
  4586 | D:7      | XOM: 1-stop teleportation journey
  4590 | D:7      | XOM: 6-stop teleportation journey
  4633 | D:7      | Found an iron altar of Okawaru.
  4672 | D:7      | Gained mutation: You passively map a small area around you. [mutagenic meat]
  4673 | D:7      | Gained mutation: Scrolls take you a little longer to read. [mutagenic meat]
  4674 | D:7      | Gained mutation: Armour fits poorly on your strangely shaped body. [mutagenic meat]
  4675 | D:7      | Gained mutation: You are agile. (Dex +2) [mutagenic meat]
  4760 | D:7      | XOM: chaos upgrade
  4763 | D:7      | XOM: scenery: 1 doors close
  4765 | D:7      | Reached XP level 10. HP: 28/63 MP: 10/10
  4895 | D:7      | XOM: harmless Chrm miscast
  5210 | D:7      | XOM: enchant monster (good)
  5401 | D:8      | Noticed a brown ugly thing
  5421 | D:7      | Gained mutation: You are somewhat resistant to further mutation. [mutagenic meat]
  5541 | D:8      | XOM: cleaving
  5558 | D:8      | XOM: summons friendly white imp
  5605 | D:8      | XOM: god gift: scythe {god gift}
  5614 | D:8      | HP: 1/63 [acid (3)]
  5614 | D:8      | Slain by a brown ugly thing

Skill      XL: |  1  2  3  4  5  6  7  8  9 10 |
---------------+-------------------------------+-----
Axes           | 3 11 12 | 12.2
Armour         | 3 4 5 7 8 |  8.4
Fighting       | 4 5 6 7 |  7.6
Dodging        | |  0.7

Action                   |  1- 3 |  4- 6 |  7- 9 | 10-12 || total
-------------------------+-------+-------+-------+-------++-------
Melee: Hand axe          |    92 |   155 |   429 |   158 ||   834
Throw: Stone             |       |       |     7 |       ||     7
Evoke: Wand              |       |       |     1 |     5 ||     6
  Use: Scroll            |     2 |     3 |     2 |     1 ||     8
       Potion            |       |     1 |     1 |     1 ||     3
 Stab: Invisible         |     1 |       |       |       ||     1
       Paralysed         |     1 |     3 |     4 |     5 ||    13
       Distracted        |       |     1 |     1 |       ||     2
       Confused          |       |       |     1 |       ||     1
       Petrifying        |       |       |       |     1 ||     1
  Eat: Chunk             |     1 |     3 |    11 |     4 ||    19
       Fruit             |       |       |     2 |       ||     2
Armor: Chain mail        |    23 |       |       |       ||    23
       Leather armour    |     4 |       |       |       ||     4
       Scale mail        |    24 |    54 |   179 |    64 ||   321
Dodge: Dodged            |    51 |    78 |   133 |    33 ||   295
